 Dungeon Crawl Stone Soup version 0.26-a0-540-g8a0c9464d7 (webtiles) character file.

Game seed: 2003456915379487791

54 kae the Ruffian (level 3, 0/29 HPs)
             Began as a Draconian Transmuter on Aug 18, 2020.
             Shot with a stone by a goblin (4 damage)
             ... on level 2 of the Dungeon.
             The game lasted 00:02:20 (1680 turns).

kae the Ruffian (Draconian Transmuter)              Turns: 1680, Time: 00:02:21

Health: 0/29       AC:  5    Str: 12    XL:     3   Next: 66%
Magic:  6/6        EV: 12    Int: 14    God:
Gold:   67         SH:  0    Dex: 11    Spells: 5/6 levels left

rFire    . . .     SeeInvis .   c - +0 whip
rCold    . . .     Faith    .   (no shield)
rNeg     . . .     Spirit   .   (armour unavailable)
rPois    .         Reflect  .   (helmet restricted)
rElec    .         Harm     .   (no cloak)
rCorr    .                      (no gloves)
MR       .....                  (no boots)
Stlth    +.........             (no amulet)
HPRegen  0.09/turn              (no ring)
MPRegen  0.10/turn              (no ring)

@: no status effects
A: unfitting armour, cold-blooded, AC +5
a: no special abilities


You were on level 2 of the Dungeon.
You visited 1 branch of the dungeon, and saw 2 of its levels.

You collected 67 gold pieces.

Inventory:

Hand Weapons
 c - a +0 whip (weapon)
Scrolls
 d - a scroll of magic mapping
 e - a scroll of immolation
Potions
 a - a potion of lignification {unknown}
 b - 2 potions of haste {unknown}
 f - 2 potions of magic {unknown}
 g - a potion of might {unknown}
 h - 2 potions of heal wounds {unknown}


   Skills:
 + Level 1.9 Fighting
 - Level 1.7 Dodging
 * Level 3.7 Unarmed Combat
 + Level 2.4 Spellcasting
 + Level 2.5 Transmutations


You had 5 spell levels left.
You knew the following spells:

 Your Spells              Type           Power        Failure   Level
a - Beastly Appendage     Tmut           #.....       9%          1

Your spell library contained the following spells:

 Spells                   Type           Power        Failure   Level
 Wereblood                Tmut           #.......     12%         2
 Spider Form              Tmut/Pois      #.........   38%         3
 Ice Form                 Ice/Tmut       #.......     80%         4
 Blade Hands              Tmut           #.........   92%         5


Dungeon Overview and Level Annotations

Branches:
Dungeon (2/15)

Altars:


Innate Abilities, Weirdness & Mutations

Your plain brown scales are hard. (AC +5)
You cannot fit into any form of body armour.
You are cold-blooded and may be slowed by cold attacks.


Message History

The orc hits you with a +0 flail.
You hit the orc but do no damage. The orc hits you but does no damage.
The orc misses you.
You closely miss the orc. The orc hits you but does no damage.
A worm comes into view.
You hit the orc.
The orc is heavily wounded.
The orc hits you with a +0 flail.
* * * LOW HITPOINT WARNING * * *
The orc hits you from afar with a +0 trident.
* * * LOW HITPOINT WARNING * * *
The goblin unwields a +0 dagger.
The goblin wields a +0 hunting sling.
The goblin shoots a stone.
The stone completely misses you.
You see here a rat corpse.
The orc throws a boomerang.
The boomerang closely misses you.
The weapon returns to the orc!
The orc throws a boomerang.
The boomerang misses you.
The weapon returns to the orc!
The goblin shoots a stone.
The stone hits you.
You die...

*****,,,,,,,,,..............,,,,*
* *,,,,,,,,,.....(.#.#..#,,,,,* *
*,,,,,,,,>.........))#****###
******,,,,,,,,..?.......#* #..
>,,,,,,,,...,,.......!†.### #.#
*********,..,,,..####g....## #.#
* *,,,,#.##,###.....#...####.# *
**,***#...,#....#####.......#
*<,* #.(###@.o## ##......# **,**
#..#<..(## #####...
****,.#####.....##############...
,,,,,........(.÷...).)...(.......
,,,,,###..#.>.################.†.
,***** ##.#...#####..............
** #.#.........#########.### *
#####.)....###### *#.# #
#####.............# *****..#*


You could see an orc and a goblin.

Vanquished Creatures
  An adder (D:2)
  An ooze (D:1)
  A dart slug (D:2)
  3 orcs (D:2)
  A ball python (D:1)
  A giant cockroach (D:1)
  4 hobgoblins
  2 jackals (D:2)
  3 bats
  2 frilled lizards
  5 goblins
  7 kobolds
  6 rats
37 creatures vanquished.

Notes
Turn   | Place    | Note
-------+----------+-------------------------------------------
     0 | D:1      | kae the Draconian Transmuter began the quest for the Orb.
     0 | D:1      | Reached XP level 1. HP: 16/16 MP: 3/3
   303 | D:1      | Reached XP level 2. HP: 4/23 MP: 3/5
  1374 | D:2      | Reached XP level 3. HP: 23/29 MP: 4/6
  1680 | D:2      | Shot with a stone by a goblin

Illustrated notes

Levels and vault maps discovered:
D:1:      shiori_arrival_oz, layout_loops_ring
D:2:      layout_rooms

Action                   || total
-------------------------++-------
Melee: Unarmed           ||    17
       Whip              ||    89
       Kick              ||    14
       Tailslap          ||     9
       Headbutt          ||     8
       Punch             ||     1
 Cast: Beastly Appendage ||    14
  Use: Scroll            ||     2
Armor: Skin              ||    35
Dodge: Dodged            ||    92

Table legend: (Time is in decaauts)
 A = Elapsed time spent in this place.
 B = Non-inter-level travel time spent in this place.
 C = Inter-level travel time spent in this place.
 D = Time resting spent in this place.
 E = Time spent auto-exploring this place.
 F = Levels seen in this place.
 G = Mean time per level.
                   A        B        C        D        E       F      G
               +--------+--------+--------+--------+--------+-----+--------+
         Total |   1687 |   1602 |     85 |     49 |   1298 |   2 |  843.5 |
       Dungeon |   1687 |   1602 |     85 |     49 |   1298 |   2 |  843.5 |
               +--------+--------+--------+--------+--------+-----+--------+

Top non-repeatable levels by time:
     D:1: 1344 daAuts
     D:2: 343 daAuts
